 Dungeon Crawl Stone Soup version 0.28.0-53-g5a82cb258f (webtiles) character file.

Game seed: 2403995901576869986

31 clackabat the Slasher (level 3, 0/29 HPs)
             Began as a Barachi Fighter on July 13, 2022.
             Slain by an adder (3 damage)
             ... on level 2 of the Dungeon.
             The game lasted 00:02:52 (893 turns).

clackabat the Slasher (Barachi Fighter)              Turns: 893, Time: 00:02:54

Health: 0/29       AC:  8    Str: 17    XL:     3   Next: 22%
Magic:  3/3        EV:  9    Int: 10    God:
Gold:   20         SH:  4    Dex: 11    Spells: 2/2 levels left

rFire   . . .      SeeInvis .   a - +0 long sword
rCold   . . .      Faith    .   c - +0 buckler
rNeg    . . .      Spirit   .   b - +0 scale mail
rPois   .          Reflect  .   (no helmet)
rElec   .          Harm     .   g - +0 cloak
rCorr   .          Rampage  .   (no gloves)
Will    .....                   (no boots)
Stlth   ..........              (no amulet)
HPRegen 0.09/turn               (no ring)
MPRegen 0.08/turn               (no ring)

@: lethally poisoned (0 -> -9), slow
A: amphibious, slowness 1, strong legs 1, +LOS
a: Hop


You were on level 2 of the Dungeon.
You visited 1 branch of the dungeon, and saw 2 of its levels.

You collected 20 gold pieces.

Inventory:

Hand Weapons
 a - a +0 long sword (weapon)
 h - a +0 hunting sling
Armour
 b - a +0 scale mail (worn)
 c - a +0 buckler (worn)
 g - a +0 cloak (worn)
Scrolls
 i - a scroll of immolation {unknown}
Potions
 d - a potion of might
 e - a potion of cancellation {unknown}
 f - a potion of resistance {unknown}


   Skills:
 - Level 3.6 Fighting
 * Level 4.3 Long Blades
 - Level 3.6 Armour
 - Level 3.2 Shields


You had 2 spell levels left.
You didn't know any spells.
Your spell library contained the following spells:

 Spells                   Type           Power      Damage    Failure   Level
 Sublimation of Blood     Necr           0%         N/A       94%         2
 Petrify                  Tmut/Erth      0%         N/A       100%        4
 Irradiate                Conj/Tmut      0%         3d13      100%        5


Dungeon Overview and Level Annotations

Branches:
Dungeon (2/15)

Altars:


Innate Abilities, Weirdness & Mutations

You are amphibious.
You cover ground slowly.
You can hop short distances.
You have an extended range of vision and can be seen from far away.


Message History

No target in view!
An adder comes into view.
The adder hisses angrily.
An adder is nearby!
You slash the adder!
The adder is severely wounded.
The adder bites you. x2
You are poisoned.
The adder poisons you!
You miss the adder.
The adder is severely wounded.
You feel sick. The adder closely misses you.
You hit the adder.
The adder is almost dead.
You feel sick. The adder completely misses you. The adder bites you.
You miss the adder.
The adder is almost dead.
You feel sick. The adder bites you.
You are more poisoned.
The adder poisons you! You block the adder's attack.
You are too injured to fight recklessly!
You are too injured to fight recklessly!
You miss the adder.
The adder is almost dead.
You feel very sick. The adder bites you but does no damage.
You miss the adder.
The adder is almost dead.
You feel sick. The adder bites you. You block the adder's attack.
You barely miss the adder.
The adder is almost dead.
You feel sick. The adder bites you.
* * * LOW HITPOINT WARNING * * *
You hit the adder but do no damage.
The adder is almost dead.
You feel sick. The adder bites you.
* * * LOW HITPOINT WARNING * * *
You are more poisoned.
The adder poisons you! The adder bites you.
You die...

# .# ..# ...# ########
....# #......#.....#
#.#...@S.....+
##.######.#.##.#.....#
............##.# ....#
..>######.####.# ...#
...............# ###
###########.######.#
....................
###########.####....
###<.......... .


You could see an adder.

Vanquished Creatures
  A dart slug (D:1)
  A ball python (D:1)
  5 bats (D:1)
  3 endoplasms (D:1)
  3 giant cockroaches (D:1)
  4 goblins (D:1)
  3 hobgoblins (D:1)
  5 rats (D:1)
25 creatures vanquished.

Notes
Turn   | Place    | Note
-------+----------+-------------------------------------------
     0 | D:1      | clackabat the Barachi Fighter began the quest for the Orb.
     0 | D:1      | Reached XP level 1. HP: 18/18 MP: 1/1
   202 | D:1      | Reached skill level 3 in Long Blades
   221 | D:1      | Reached XP level 2. HP: 24/24 MP: 2/2
   262 | D:1      | Found a faded altar of an unknown god.
   506 | D:1      | Reached skill level 4 in Long Blades
   520 | D:1      | Reached XP level 3. HP: 29/29 MP: 3/3
   893 | D:2      | Slain by an adder

Illustrated notes

Levels and vault maps discovered:
D:1:      tarquinn_simple_flora_water_b, layout_loops_ring,
          ebering_ecumenical_altar_webs, minmay_misc_feat_roman,
          chequers_serial_rivers_small_a
D:2:      layout_basic

Skill      XL: |  1  2 |
---------------+-------+-----
Long Blades    | 3 4 |  4.3
Fighting       | |  3.6
Armour         | |  3.6
Shields        | |  3.2

Action                   || total
-------------------------++-------
Melee: Long sword        ||    72
 Abil: Hop               ||     1
Armor: Scale mail        ||    33
Dodge: Dodged            ||    27
Block: Buckler           ||    19
